 Seeded DCSS version 0.27-a0-562-g0d39f094a4 (webtiles) character file.

Game seed: 16989952797484863983 (custom seed)

271 karrick the Chopper (level 6, -3/46 HPs)
             Began as a Demonspawn Gladiator on Mar 8, 2021.
             Slain by Eustachio
             ... wielding a +0 falchion
              (4 damage)
             ... on level 4 of the Dungeon.
             The game lasted 00:03:59 (3204 turns).

karrick the Chopper (Demonspawn Gladiator)          Turns: 3204, Time: 00:04:00

Health: -3/46      AC:  6    Str: 15      XL:     6   Next: 2%
Magic:  8/8        EV: 13    Int: 11      God:
Gold:   141        SH:  4    Dex: 18 (20) Spells: 5/5 levels left

rFire    . . .     SeeInvis .   a - +0 war axe
rCold    . . .     Faith    .   (no shield)
rNeg     . . .     Spirit   .   b - +0 leather armour
rPois    .         Reflect  .   (helmet restricted)
rElec    .         Harm     .   f - +0 cloak
rCorr    .         Rampage  .   (no gloves)
Will     .....                  (no boots)
Stlth    +.........             (no amulet)
HPRegen  0.15/turn              m - +6 ring of dexterity
MPRegen  0.11/turn              (no ring)

@: no status effects
A: antennae 1, sharp scales 2, condensation shield
a: no special abilities


You were on level 4 of the Dungeon.
You visited 1 branch of the dungeon, and saw 6 of its levels.

You collected 141 gold pieces.

Inventory:

Hand Weapons
 a - a +0 war axe (weapon)
Missiles
 d - 3 throwing nets (quivered)
Armour
 b - a +0 leather armour (worn)
 c - a +0 helmet
 f - a +0 cloak (worn)
 k - +0 gold dragon scales
Jewellery
 m - a +6 ring of dexterity (left hand)
Scrolls
 e - 2 scrolls of enchant weapon {unknown}
 g - 2 scrolls of identify {unknown}
 h - a scroll of fog {unknown}
 j - a scroll of immolation {unknown}
 n - a scroll of teleportation {unknown}
 p - a scroll of blinking {unknown}
Potions
 i - 3 potions of attraction {unknown}
 l - a potion of cancellation {unknown}
 o - a potion of flight {unknown}


   Skills:
 + Level 2.8 Fighting
 + Level 4.2 Axes
 + Level 2.0 Throwing
 + Level 1.5 Armour
 + Level 3.0 Dodging
 + Level 0.3 Stealth
 + Level 0.4 Shields
 * Level 3.6 Invocations


You had 5 spell levels left.
You didn't know any spells.
Your spell library was empty.

Dungeon Overview and Level Annotations

Branches:
Dungeon (6/15)
 Temple: D:4-7

Altars:
Nemelex Xobeh
Qazlal

Annotations:
D:4 Eustachio


Innate Abilities, Weirdness & Mutations

You have a pair of small antennae on your head.
You are mostly covered in razor-sharp scales. (AC +2, Slay +2)
A meltable shield of frost defends you. (SH +4)


Message History

You kill the shadow imp!
You hit the quasit. You hit the river rat. Eustachio closely misses you.
The quasit barely misses you. x2; The quasit claws you.
* * * LOW HITPOINT WARNING * * *
You feel clumsy. The shadow imp gestures at you.
You barely resist. The bat completely misses you. The river rat bites you.
* * * LOW HITPOINT WARNING * * *
Eustachio hits you with a +0 falchion!
* * * LOW HITPOINT WARNING * * *
The bat closely misses you.
Unknown command.
You closely miss Eustachio.
Eustachio is almost dead.
You hit the bat. You barely miss the bat. You closely miss the shadow imp.
You hit the quasit. You closely miss the river rat. The bat barely misses you.
The bat hits you but does no damage.
The quasit bites you but does no damage.
The quasit barely misses you.
The quasit claws you but does no damage.
The shadow imp closely misses you. The bat closely misses you.
The river rat closely misses you. The quasit completely misses you.
The quasit misses you. The quasit barely misses you.
Eustachio barely misses you.
The shadow imp hits you but does no damage.
Unknown command.
Unknown command.
You barely miss Eustachio.
Eustachio is almost dead.
You hit the river rat but do no damage. You hit the quasit.
You hit the shadow imp but do no damage.
You slash the bat!
You kill the bat!
The bat's corpse disappears in a puff of smoke!
You closely miss the bat. The bat hits you but does no damage.
The bat barely misses you. The quasit closely misses you.
The quasit claws you but does no damage.
The quasit barely misses you. The river rat barely misses you.
The shadow imp barely misses you. Eustachio hits you with a +0 falchion.
You die...

..# ##..#
#[.####..##
#........########
####.##..........
#. #[########.
###.##.###
##...#....##
##........5ยง##
#........5@..#
#)....)..r@b.#
....?.....).....
##../..>....#####
##...##...## ####
#####


You could see Eustachio, a quasit (summoned), a river rat (summoned), a shadow
imp (summoned) and a bat (summoned).

Vanquished Creatures
  A hound (D:4)
  Jessica (D:2)
  Natasha (thrice) (D:2 D:1)
  A worker ant (D:4)
  Robin (D:2)
  5 adders
  An adder skeleton (D:4)
  3 dart slugs
  2 leopard geckos (D:1)
  A giant cockroach (D:1)
  14 goblins
  7 hobgoblins
  2 jackals (D:1)
  A quokka (D:2)
  2 bats
  2 frilled lizards (D:1)
  A jackal skeleton (D:4)
  3 kobolds
  5 rats (D:1)
56 creatures vanquished.

Notes
Turn   | Place    | Note
-------+----------+-------------------------------------------
     0 | D:1      | karrick the Demonspawn Gladiator began the quest for the
                  | Orb.
     0 | D:1      | Reached XP level 1. HP: 16/16 MP: 1/1
   234 | D:1      | Gained mutation: A meltable shield of frost defends you.
                  | (SH +4) [demonic ancestry]
   234 | D:1      | Reached XP level 2. HP: 18/22 MP: 2/2
  1080 | D:1      | Found a sparkling altar of Nemelex Xobeh.
  1136 | D:1      | Reached skill level 1 in Invocations
  1304 | D:2      | Reached skill level 3 in Axes
  1304 | D:2      | Reached XP level 3. HP: 22/28 MP: 4/4
  1425 | D:2      | Noticed Natasha
  1431 | D:2      | Killed Natasha
  1515 | D:2      | Found a faded altar of an unknown god.
  1554 | D:2      | Gained mutation: You are partially covered in razor-sharp
                  | scales. (AC +1, Slay +1) [demonic ancestry]
  1554 | D:2      | Reached XP level 4. HP: 32/34 MP: 5/5
  1585 | D:2      | Noticed Natasha
  1590 | D:2      | Killed Natasha
  1591 | D:2      | Reached skill level 1 in Armour
  1749 | D:2      | Noticed Natasha
  1963 | D:1      | Killed Natasha
  2238 | D:2      | Noticed Robin
  2263 | D:2      | Killed Robin
  2264 | D:2      | Gained mutation: You are mostly covered in razor-sharp
                  | scales. (AC +2, Slay +2) [demonic ancestry]
  2264 | D:2      | Reached XP level 5. HP: 27/39 MP: 6/6
  2363 | D:2      | Noticed Jessica
  2369 | D:2      | Killed Jessica
  2699 | D:3      | You fall into a shaft and drop 3 floors!
  2712 | D:6      | Found a stormy altar of Qazlal.
  2734 | D:6      | Noticed an ice beast
  2748 | D:5      | Entered Level 5 of the Dungeon
  2754 | D:5      | Reached skill level 4 in Axes
  2976 | D:4      | Gained mutation: You have a pair of small antennae on your
                  | head. [demonic ancestry]
  2976 | D:4      | Reached XP level 6. HP: 36/46 MP: 8/8
  3176 | D:4      | Noticed Eustachio
  3202 | D:4      | HP: 1/46 [Eustachio/+0 falchion (7)]
  3204 | D:4      | Slain by Eustachio

Illustrated notes

Levels and vault maps discovered:
D:1:      nzn_arrival_depleted_hourglass, layout_basic, serial_forest,
          infiniplex_forest_straight_2, infiniplex_forest_lined_room_2,
          infiniplex_forest_clump_medium, infiniplex_forest_end_2,
          infiniplex_forest_diagonal, infiniplex_forest_end_double,
          infiniplex_forest_join, infiniplex_forest_corner_2, roderic_lattice_a,
          nemelex_diamond_rough_becter
D:2:      layout_basic, chequers_ecumenical_altar_simple_redux, minivault_19,
          uniq_natasha, uniq_jessica, uniq_robin
D:3:      layout_loops_ring
D:4:      layout_rooms, uniq_eustachio
D:5:      lemuel_ratsnest, layout_cave_pools, nicolae_dithmenos_shadow_blocks,
          zin_statuary, lemuel_altar_in_water, uniq_sigmund
D:6:      layout_loops_ring, lemuel_round_altar, general_overflow_altar,
          nicolae_wu_jian_immortal_techniques, serial_shops, shop, minmay_holes,
          minmay_misc_feat_encased, kennysheep_potato

Skill      XL: |  1  2  3  4  5 |
---------------+----------------+-----
Throwing       | 2 |  2.0
Invocations    | 1 2 3 |  3.6
Axes           | 3 4 |  4.2
Armour         | 1 |  1.5
Dodging        | 3 |  3.0
Fighting       | |  2.8
Stealth        | |  0.3
Shields        | |  0.4

Action                   |  1- 3 |  4- 6 || total
-------------------------+-------+-------++-------
Melee: War axe           |    79 |    98 ||   177
       Unarmed           |       |     5 ||     5
 Stab: Sleeping          |     1 |     1 ||     2
Armor: Leather armour    |    16 |    46 ||    62
Dodge: Dodged            |    55 |   102 ||   157
Block: Other             |     6 |    20 ||    26

Table legend: (Time is in decaauts)
 A = Elapsed time spent in this place.
 B = Non-inter-level travel time spent in this place.
 C = Inter-level travel time spent in this place.
 D = Time resting spent in this place.
 E = Time spent auto-exploring this place.
 F = Levels seen in this place.
 G = Mean time per level.
                   A        B        C        D        E       F      G
               +--------+--------+--------+--------+--------+-----+--------+
         Total |   3279 |   3178 |    101 |     15 |   2644 |   6 |  546.5 |
       Dungeon |   3279 |   3178 |    101 |     15 |   2644 |   6 |  546.5 |
               +--------+--------+--------+--------+--------+-----+--------+

Top non-repeatable levels by time:
     D:1: 1376 daAuts
     D:2: 1319 daAuts
     D:4: 457 daAuts
     D:3: 66 daAuts
     D:6: 48 daAuts
     D:5: 10 daAuts
